 Dungeon Crawl Stone Soup version 0.26-a0-487-gbff1e92059 (webtiles) character file.

Game seed: 11983055395586469833

58459 ANON1729 the Bludgeoner (level 14, -11/148 (149) HPs)
             Began as a Troll Berserker on Aug 2, 2020.
             Was a High Priest of Trog.
             Mangled by a titanic slime creature (80 damage)
             ... on level 15 of the Dungeon.
             The game lasted 00:43:42 (16541 turns).

ANON1729 the Bludgeoner (Troll Berserker)          Turns: 16541, Time: 00:43:42

HP:   -11/148 (149) AC:  9    Str: 32    XL:     14   Next: 49%
MP:   13/13         EV: 23    Int:  8    God:    Trog [*****.]
Gold: 516           SH:  0    Dex: 10    Spells: 13/13 levels left

rFire    + . .     SeeInvis .   L - +1 morningstar of Triumph {vorpal, rElec Str+2 Int+4}
rCold    . . .     Faith    .   (no shield)
rNeg     . . .     Spirit   .   j - +2 robe {rF+}
rPois    .         Reflect  .   (helmet restricted)
rElec    +         Harm     .   B - +0 cloak
rCorr    .                      (gloves unavailable)
MR       +....                  (boots unavailable)
Stlth    +.........             E - amulet of the acrobat
HPRegen  0.74/turn              n - +4 ring of evasion
MPRegen  0.13/turn              x - +4 ring of evasion

@: lethally poisoned (-11 -> -11)
A: large, unfitting armour, claws 3, regeneration 1, shaggy fur 1, tough skin 3
a: Berserk, Trog's Hand, Brothers in Arms, Renounce Religion


You were on level 15 of the Dungeon.
You worshipped Trog.
Trog was extremely pleased with you.
You visited 1 branch of the dungeon, and saw 15 of its levels.
You visited the Abyss 1 time.
You also visited: Ice Cave.

You collected 1148 gold pieces.
You spent 632 gold pieces at shops.

Inventory:

Hand Weapons
 o - a +1 great mace of holy wrath
 u - a +0 demon blade of venom
 L - the +1 morningstar of Triumph (weapon) {vorpal, rElec Str+2 Int+4}
   (Trog gifted it to you on level 10 of the Dungeon)

   It inflicts extra damage upon your enemies.
   It affects your strength (+2).
   It affects your intelligence (+4).
   It insulates you from electricity.
Missiles
 F - 18 curare-tipped darts (quivered)
Armour
 j - a +2 robe of fire resistance (worn)
 B - a +0 cloak (worn)
 O - a +0 tower shield
Jewellery
 h - an uncursed ring of resist corrosion
 l - a cursed ring of ice
 n - a +4 ring of evasion (left claw)
 q - an uncursed ring of protection from magic
 x - a +4 ring of evasion (right claw)
 E - an amulet of the acrobat (around neck)
 K - an uncursed amulet of magic regeneration
 M - a cursed amulet of guardian spirit {unknown}
Wands
 t - a wand of paralysis (10)
 v - a wand of flame (10)
 w - a wand of polymorph (28)
 D - a wand of enslavement (5)
 H - a wand of iceblast (4)
 Q - a wand of random effects (6)
Scrolls
 a - a scroll of amnesia
 b - 9 scrolls of identify
 c - 4 scrolls of fog
 d - 4 scrolls of blinking
 e - 6 scrolls of teleportation
 f - a scroll of holy word
 g - 2 scrolls of magic mapping
 i - 13 scrolls of remove curse
 k - 2 scrolls of enchant weapon
 p - a scroll of fear
 y - 4 scrolls of enchant armour
 C - 3 scrolls of vulnerability
 G - a scroll of torment
 I - 2 scrolls of noise
Potions
 m - a potion of cancellation
 r - 3 potions of might
 s - 3 potions of magic
 z - 2 potions of mutation
 A - 5 potions of stabbing
 J - a potion of heal wounds
 N - a potion of lignification
 P - a potion of resistance {unknown}
 R - a potion of flight


   Skills:
 + Level 12.2 Fighting
 * Level 15.9 Maces & Flails
 + Level 1.5 Armour
 + Level 12.2 Dodging
 + Level 1.4 Shields


You had 13 spell levels left.
You didn't know any spells.
Your spell library was empty.

Dungeon Overview and Level Annotations

Branches:
Dungeon (15/15)            Temple (0/1) D:7            Lair (0/6) D:8
    Orc (0/2) D:12         Vaults (0/5) D:13          IceCv (visited)
 Depths: D:15

Altars:
Ashenzari
Dithmenos
Elyvilon
Nemelex Xobeh
Qazlal
Trog
Uskayaw
Vehumet
Xom
Yredelemnul
Lugonu

Shops:
D:11 *   D:12 :   D:13 ?

Annotations:
D:9 2 transporters


Innate Abilities, Weirdness & Mutations

You are too large for most types of armour.
You have claws for hands.
Your natural rate of healing is unusually fast.
You are covered in fur. (AC +1)
You have extremely tough skin. (AC +3)


Message History

You are too injured to fight recklessly!
You are too injured to fight recklessly!
You are too injured to fight recklessly!
You are too injured to fight recklessly!
You are too injured to fight recklessly!
You are too injured to fight recklessly!
You are too injured to fight recklessly!
You feel sick.
Two slime creatures merge to form an enormous slime creature.
Two slime creatures merge to form a titanic slime creature.
There is an open door here.
You are too injured to fight recklessly!
Evoke which item? (* to show all) (? for menu, Esc to quit)
Aiming: Paralyse
Press: ? - help, Shift-Dir - straight line, f - titanic slime creature
Aim: a titanic slime creature (lightly wounded, chance to defeat MR: 28%)
The titanic slime creature easily resists.
The titanic slime creature hits you!!!!
Ouch! That really hurt!
You die...

##...## #.# #.#
#..# ##.# ##.##
#.# #.# #..#
####... ### ###
#.# #..# #..[.#.
#### ##.###..#
#(##... ...
##...##..#
#)###.# .#
####..#.##..#
#(###.# .#
##..##...##..#
##((.... .#
###....##.###..#
#(..##.# (#
#.....?J@.#
#..###.(.(.(. #
..#....####
#.....(..##.#
##..#
#.#########.#
### #.# #####.#
#.# #...... #.#
#.#.### ..#
#.#.# # ## #.#.#
# #.#.###


You could see a titanic slime creature.

Vanquished Creatures
  Jorgrun (D:13)
  Frances (D:13)
  A reaper (IceCv)
  Nessos (D:15)
  Azrael (D:13)
  An eidolon (Abyss:1)
  Harold (D:7)
  3 vault guards (D:13)
  Fannar (D:11)
  2 hydras
  A catoblepas (D:15)
  5 centaur warriors
  4 two-headed ogres
  A tengu warrior (D:15)
  Sonja (D:13)
  3 skeletal warriors (D:15)
  2 unseen horrors
  A lindwurm (D:10)
  An orc knight (D:15)
  2 deep elf magi
  17 ugly things
  A manticore (D:15)
  3 cyclopes
  A black mamba (shapeshifter) (D:15)
  2 ice statues (IceCv)
  2 gargoyles
  Maurice (D:13)
  3 centaur skeletons
  2 kobold demonologists (D:12)
  10 ice devils (IceCv)
  3 meliai (D:15)
  3 trolls
  7 hippogriffs
  3 hornets
  A raiju (Abyss:1)
  12 slime creatures
  2 vampires
  Sigmund (D:2)
  A meliai zombie (D:10)
  3 wraiths
  13 yaks
  A shadow (D:12)
  3 fire elementals (D:13)
  A wyvern (D:15)
  6 vampire mosquitoes
  Menkaure (D:6)
  A large abomination (Abyss:1)
  Edmund (D:4)
  A soldier ant (shapeshifter) (D:15)
  3 acid dragons
  2 hell hounds (D:13)
  5 sky beasts
  6 orc warriors
  A water moccasin (D:9)
  3 ice beasts
  A black bear (D:7)
  7 ogres
  4 phantoms
  A necrophage (D:15)
  20 centaurs
  A big kobold (D:10)
  A crocodile (D:8)
  A wyvern zombie (D:9)
  11 bullfrogs
  A gnoll sergeant (D:10)
  A wyvern skeleton (D:11)
  7 scorpions
  A troll zombie (D:12)
  5 killer bees (D:9)
  10 wights
  3 howler monkeys
  A bullfrog zombie (D:12)
  4 centaur zombies
  14 hounds
  Crazy Yiuf (D:7)
  A gnoll shaman (D:5)
  6 jellies
  7 orc priests
  11 orc wizards
  4 iguanas
  Natasha (twice) (D:2)
  12 worker ants
  A statue (D:5)
  A killer bee zombie (D:8)
  5 ogre zombies (D:12)
  2 hound skeletons
  A worker ant zombie (D:11)
  10 gnolls
  6 adders
  4 shadow imps
  24 white imps
  8 ufetubi
  2 oozes
  An adder skeleton (D:9)
  An adder zombie (D:6)
  3 worms
  A dart slug (D:4)
  2 leopard geckos
  44 orcs
  9 bats
  5 giant cockroaches
  10 goblins
  8 hobgoblins
  5 jackals
  20 kobolds
  9 quokkas
  2 ball pythons
  6 frilled lizards
  A goblin skeleton (D:12)
  2 goblin zombies (D:12)
  2 hobgoblin zombies (D:12)
  A jackal zombie (D:6)
  2 leopard gecko skeletons
  An orc skeleton (D:12)
  13 orc zombies (D:12)
  11 rats
  A spectral orc (D:5)
  A plant (D:4)
523 creatures vanquished.

Vanquished Creatures (collateral kills)
  5 vault guards (D:13)
  2 ice devils (IceCv)
  3 raiju (Abyss:1)
  A fire elemental (D:13)
  A hell hound (D:13)
  3 wights (D:8)
  An adder (D:8)
16 creatures vanquished.

Vanquished Creatures (others)
  An unseen horror (D:11)
  2 white imps (IceCv)
  5 ufetubi (IceCv)
8 creatures vanquished.

Grand Total: 547 creatures vanquished

Notes
Turn   | Place    | Note
-------+----------+-------------------------------------------
     0 | D:1      | ANON1729 the Troll Berserker began the quest for the Orb.
     0 | D:1      | Reached XP level 1. HP: 22/22 MP: 0/0
   117 | D:1      | Reached XP level 2. HP: 29/29 MP: 1/1
   256 | D:1      | Reached skill level 3 in Maces & Flails
   520 | D:1      | Reached ** piety under Trog
   523 | D:1      | Reached XP level 3. HP: 35/36 MP: 2/2
   636 | D:2      | Noticed Natasha
   641 | D:2      | Killed Natasha
  1026 | D:2      | Found a shimmering altar of Xom.
  1028 | D:2      | Found a blossoming altar of Fedhas.
  1028 | D:2      | Found a shadowy altar of Dithmenos.
  1030 | D:2      | Found a shimmering altar of Xom.
  1030 | D:2      | Found a shimmering altar of Xom.
  1030 | D:2      | Found a snail-covered altar of Cheibriados.
  1058 | D:2      | Noticed Natasha
  1069 | D:2      | Killed Natasha
  1069 | D:2      | Reached XP level 4. HP: 22/45 MP: 3/3
  1241 | D:2      | Noticed Sigmund
  1256 | D:2      | Found a shadowy altar of Dithmenos.
  1256 | D:2      | Found a hide-covered altar of Uskayaw.
  1270 | D:2      | Killed Sigmund
  1270 | D:2      | Reached skill level 4 in Maces & Flails
  1270 | D:2      | Reached XP level 5. HP: 18/54 MP: 4/4
  1632 | D:3      | Reached XP level 6. HP: 60/62 MP: 5/5
  2136 | D:4      | Noticed Edmund
  2148 | D:4      | Killed Edmund
  2236 | D:4      | Found a transporter.
  2312 | D:4      | Found a transporter.
  2513 | D:4      | Reached XP level 7. HP: 64/70 MP: 6/6
  2540 | D:4      | Reached *** piety under Trog
  2660 | D:4      | Reached skill level 5 in Maces & Flails
  3267 | D:5      | Entered Level 5 of the Dungeon
  3498 | D:5      | Reached skill level 5 in Fighting
  3566 | D:5      | Reached skill level 5 in Dodging
  3574 | D:5      | Reached XP level 8. HP: 50/80 MP: 7/7
  3805 | D:5      | Found a basalt altar of Yredelemnul.
  3828 | D:5      | Found a radiant altar of Vehumet.
  4116 | D:6      | Reached skill level 6 in Maces & Flails
  4429 | D:6      | Noticed Menkaure
  4432 | D:6      | Killed Menkaure
  4432 | D:6      | Reached **** piety under Trog
  4584 | D:6      | Noticed a troll
  4666 | D:6      | Killed a troll
  4767 | D:7      | Noticed a hippogriff
  4773 | D:7      | Killed a hippogriff
  4773 | D:7      | Reached XP level 9. HP: 83/89 MP: 8/8
  4876 | D:7      | Noticed Harold
  4896 | D:7      | Killed Harold
  4896 | D:7      | Reached skill level 7 in Maces & Flails
  4906 | D:7      | Found a staircase to the Ecumenical Temple.
  5039 | D:7      | Found a stormy altar of Qazlal.
  5039 | D:7      | Found a white marble altar of Elyvilon.
  5057 | D:7      | Found a faded altar of an unknown god.
  5060 | D:7      | Found a faded altar of an unknown god.
  5062 | D:7      | Found a bloodstained altar of Trog.
  5331 | D:7      | Found a runed translucent door.
  5332 | D:7      | Noticed Crazy Yiuf
  5431 | D:7      | Killed Crazy Yiuf
  5501 | D:8      | Reached skill level 8 in Maces & Flails
  5608 | D:7      | Reached XP level 10. HP: 21/102 MP: 9/9
  5916 | D:8      | Cast into level 1 of the Abyss (orc)
  5916 | Abyss:1  | Found a corrupted altar of Lugonu.
  5986 | Abyss:1  | Found a corrupted altar of Lugonu.
  6033 | Abyss:1  | Noticed a starcursed mass
  6049 | Abyss:1  | Found a corrupted altar of Lugonu.
  6058 | Abyss:1  | Noticed an eidolon
  6081 | Abyss:1  | Killed an eidolon
  6150 | D:8      | Escaped the Abyss
  6203 | D:8      | Found a basalt altar of Yredelemnul.
  6372 | D:8      | Reached skill level 9 in Maces & Flails
  6588 | D:8      | Found a staircase to the Lair.
  6751 | D:9      | Found a transporter.
  6752 | D:9      | Found a corrupted altar of Lugonu.
  6752 | D:9      | Noticed a green ugly thing
  6753 | D:9      | Noticed a purple ugly thing
  6778 | D:9      | Found a transporter.
  7117 | D:9      | Noticed a two-headed ogre
  7233 | D:9      | Killed a two-headed ogre
  7253 | D:9      | Reached XP level 11. HP: 113/113 MP: 10/10
  7597 | D:10     | Entered Level 10 of the Dungeon
  7686 | D:10     | Noticed a two-headed ogre
  7692 | D:10     | Killed a two-headed ogre
  7847 | D:10     | Reached ***** piety under Trog
  8305 | D:10     | Reached skill level 10 in Maces & Flails
  8608 | D:10     | Found a sparkling altar of Nemelex Xobeh.
  8608 | D:10     | Noticed a two-headed ogre
  8617 | D:10     | Killed a two-headed ogre
  8632 | D:10     | Received a gift from Trog
  8642 | D:10     | Got a smoking morningstar {god gift}
  8643 | D:10     | Identified the +1 morningstar of Triumph {vorpal, rElec
                  | Str+2 Int+4} (Trog gifted it to you on level 10 of the
                  | Dungeon)
  8877 | D:10     | Noticed a lindwurm
  8911 | D:10     | Killed a lindwurm
  9012 | D:11     | Found a shattered altar of Ashenzari.
  9112 | D:11     | Noticed a four-headed hydra
  9119 | D:11     | Found Ciatiqus's General Store.
  9129 | D:11     | Noticed a brown ugly thing
  9342 | D:11     | Noticed Fannar
  9397 | D:11     | Killed an unseen horror
  9408 | D:11     | Killed Fannar
  9615 | D:11     | Killed an unseen horror
  9615 | D:11     | Reached skill level 10 in Fighting
  9615 | D:11     | Reached skill level 10 in Dodging
  9615 | D:11     | Reached XP level 12. HP: 115/126 MP: 11/11
  9749 | D:11     | Killed a four-headed hydra
  9749 | D:11     | Reached skill level 11 in Maces & Flails
 10021 | D:12     | Noticed a two-headed ogre
 10027 | D:12     | Killed a two-headed ogre
 10271 | D:12     | Found a staircase to the Orcish Mines.
 10290 | D:12     | Reached ****** piety under Trog
 10493 | D:12     | Received a gift from Trog
 10629 | D:12     | Found Minaas's Book Shop.
 10789 | D:13     | Noticed Jorgrun
 10812 | D:13     | Killed Jorgrun
 10836 | D:13     | Found Wycuzat's Magic Scroll Emporium.
 10844 | D:13     | Bought a scroll of acquirement for 572 gold pieces
 10844 | D:13     | Bought a scroll of fear for 38 gold pieces
 10844 | D:13     | Bought a scroll of identify for 22 gold pieces
 10846 | D:13     | Acquired a manual of Maces & Flails
 10894 | D:13     | Noticed a vault guard
 10894 | D:13     | Noticed a vault guard
 10894 | D:13     | Noticed a vault guard
 10894 | D:13     | Noticed a vault guard
 10895 | D:13     | Found a gate to the Vaults.
 10895 | D:13     | Noticed a vault guard
 10895 | D:13     | Noticed a vault guard
 10895 | D:13     | Noticed a vault guard
 10896 | D:13     | Noticed a vault guard
 10900 | D:13     | Killed a vault guard
 10911 | D:13     | Killed a vault guard
 10922 | D:13     | Killed a vault guard
 10922 | D:13     | Reached skill level 12 in Maces & Flails
 10939 | D:13     | Killed a vault guard
 10939 | D:13     | Reached XP level 13. HP: 58/137 MP: 12/12
 11202 | D:13     | Found a frozen archway.
 11277 | IceCv    | Entered an ice cave
 12196 | IceCv    | Reached skill level 13 in Maces & Flails
 12412 | IceCv    | Noticed a reaper
 12534 | IceCv    | Killed a reaper
 12899 | D:13     | Noticed Frances
 12915 | D:13     | Killed Frances
 13256 | D:13     | Noticed Sonja
 13256 | D:13     | Noticed Azrael
 13289 | D:13     | Killed Azrael
 13495 | D:13     | Identified the +9 long sword "Uggeujuc" {elec, rN+}
 13508 | D:13     | Reached skill level 14 in Maces & Flails
 13526 | D:13     | Killed Sonja
 13876 | D:13     | Noticed Maurice
 13898 | D:13     | Killed Maurice
 14651 | D:14     | Paralysed by a hornet for 1 turns
 14818 | D:14     | Reached skill level 15 in Maces & Flails
 14863 | D:14     | Reached XP level 14. HP: 98/148 MP: 13/13
 15294 | D:15     | Entered Level 15 of the Dungeon
 15491 | D:15     | Received a gift from Trog
 15926 | D:15     | Noticed Nessos
 15964 | D:15     | Killed Nessos
 16359 | D:15     | Reached skill level 1 in Armour
 16362 | D:15     | Reached skill level 1 in Shields
 16541 | D:15     | Mangled by a titanic slime creature

Illustrated notes

Levels and vault maps discovered:
D:1:      lightli_arrival_boilingwater, layout_basic, nrook_mini_vaults,
          minmay_misc_feat_rugged
D:2:      layout_loops_cross, doesnt_xom_only_xom,
          gammafunk_temple_overflow_wave, kennysheep_cross_bottleneck,
          uniq_sigmund, uniq_natasha
D:3:      layout_loops_ring, hangedman_decor_diamond_cutter,
          minmay_misc_feat_ornament
D:4:      gammafunk_wand_slinger, layout_basic, uniq_edmund
D:5:      layout_cave_pools, vehumet_statue, yredelemnul_forgotten_temple_becter
D:6:      layout_loops_ring, uniq_menkaure
D:7:      layout_basic, chequers_temple_overflow_minitemple,
          minmay_temple_entry_large_hall, uniq_crazy_yiuf_cottage, uniq_harold
D:8:      layout_basic, grunt_lair_entry_orc_guard_hut, basic_altar
D:9:      gammafunk_corrupted_shrine, layout_irregular_city
D:10:     lemuel_flame_loot_2, layout_gridville,
          hangedman_abyss_or_decor_clamps, columned_hall_lemuel,
          minmay_ruined_shrine
D:11:     layout_cave_pools, serial_shops, kennysheep_mini_moat,
          lemuel_centaur_altar, uniq_fannar
D:12:     layout_roguey, zombieorc1_lemuel, serial_shops, kennysheep_mini
D:13:     layout_cave_pods, erik_vaults_2, serial_co_window_serial,
          co_window_paths_b, co_window_corner_a, co_window_of_opportunity_a,
          co_window_paths_a, co_window_paths_a, co_window_paths_a,
          co_window_paths_b, co_window_paths_c, co_window_corner_b,
          co_window_paths_c, co_window_2corner, co_window_cross_3,
          glass_columns_a, glass_columns_b, glass_columns_a,
          portal_ice_cave_entry_imps, serial_shops,
          nicolae_shop_temple_entry_statues_fountains, hangedman_decor_riveting,
          hangedman_decor_push, uniq_frances, uniq_azrael, uniq_sonja,
          uniq_maurice, uniq_jorgrun
D:14:     layout_long_grid
D:15:     gammafunk_enter_depths_forms, layout_loops_ring, uniq_nessos

Skill      XL: |  1  2  3  4  5  6  7  8  9 10 11 12 13 14 |
---------------+-------------------------------------------+-----
Maces & Flails | 3 4 5 6 8 9 10 12 15 | 15.9
Fighting       | 3 4 5 6 7 8 10 11 12 | 12.2
Dodging        | 3 4 5 6 7 8 10 11 12 | 12.2
Armour         | 1 |  1.5
Shields        | 1 |  1.4

Action                   |  1- 3 |  4- 6 |  7- 9 | 10-12 | 13-15 || total
-------------------------+-------+-------+-------+-------+-------++-------
Melee: Mace              |   120 |    98 |       |       |       ||   218
       Flail             |       |    12 |   333 |   157 |       ||   502
       Dire flail        |       |       |       |   321 |       ||   321
       Morningstar       |       |       |       |   412 |   754 ||  1166
Invok: Berserk           |     1 |     2 |     5 |     8 |     9 ||    25
       Trog's Hand       |       |       |     2 |     4 |     3 ||     9
       Brothers in Arms  |       |       |       |     5 |     8 ||    13
Evoke: Wand              |       |       |    12 |     5 |    13 ||    30
  Use: Potion            |       |     4 |       |     4 |     1 ||     9
       Scroll            |       |       |       |    19 |     7 ||    26
 Stab: Sleeping          |       |     6 |     3 |     1 |     1 ||    11
       Paralysed         |       |       |       |     1 |     3 ||     4
       Distracted        |       |       |       |       |     1 ||     1
Armor: Animal skin       |    70 |     5 |       |       |       ||    75
       Skin              |       |     1 |       |    17 |       ||    18
       Robe              |       |    31 |   104 |   217 |   100 ||   452
Dodge: Dodged            |    84 |    45 |   376 |   988 |   668 ||  2161

Table legend: (Time is in decaauts)
 A = Elapsed time spent in this place.
 B = Non-inter-level travel time spent in this place.
 C = Inter-level travel time spent in this place.
 D = Time resting spent in this place.
 E = Time spent auto-exploring this place.
 F = Levels seen in this place.
 G = Mean time per level.
                   A        B        C        D        E       F      G
               +--------+--------+--------+--------+--------+-----+--------+
         Total |  16614 |  16032 |    582 |   3727 |   7803 |  17 |  977.3 |
       Dungeon |  14758 |  14176 |    582 |   2847 |   7599 |  15 |  983.9 |
         Abyss |    252 |    252 |      0 |     50 |     90 |   1 |  252.0 |
      Ice Cave |   1603 |   1603 |      0 |    829 |    113 |   1 | 1603.0 |
               +--------+--------+--------+--------+--------+-----+--------+

Top non-repeatable levels by time:
    D:13: 1741 daAuts
   IceCv: 1603 daAuts
    D:10: 1433 daAuts
    D:15: 1177 daAuts
     D:4: 1160 daAuts
    D:14: 1086 daAuts
    D:11: 973 daAuts
     D:7: 941 daAuts
     D:9: 866 daAuts
    D:12: 831 daAuts
     D:8: 813 daAuts
     D:2: 809 daAuts
     D:5: 806 daAuts
     D:3: 730 daAuts
     D:6: 723 daAuts
